Map: Goldenaura LE

Players

DasDuelon

  • Race: Zerg Zerg
  • League: Grandmaster
  • Spawn Location: 5:00

JEROS - Winner!

  • Race: Protoss Protoss
  • League: Master
  • Spawn Location: 12:00

VOD

Have the link to the VOD?

Description

Time

  • Played on: June 14, 2024, 10:30 a.m.
  • Length: 8:19
Show
View Real Time Build Order
Export as new Build Order

DasDuelon Zerg 

Build Orders: Hatch First 

Get SALT Encoding   

  12  0:00  Drone  
  13  0:12  Overlord  
  13  0:17  Drone  
  14  0:31  Drone x2  
  16  0:48  Hatchery  
  15  0:51  Drone  
  15  0:56  Drone  
  17  0:59  Drone  
  18  1:09  Extractor  
  17  1:15  Spawning Pool  
  17  1:17  Drone  
  17  1:20  Drone  
  18  1:28  Drone  
  19  1:39  Drone  
  20  1:52  Overlord  
  20  2:03  Queen x2  
  20  2:04  Zergling x4  
  26  2:10  Drone  
  26  2:13  Metabolic Boost  
  27  2:16  Drone  
  27  2:22  Drone x2  
  30  2:38  Hatchery  
  29  2:47  Drone x3  
  29  2:49  Overlord  
  32  2:52  Queen  
  34  3:00  Zergling x4  
  36  3:07  Zergling x2  
  36  3:08  Zergling x2  
  38  3:14  Queen, Overlord  
  39  3:24  Drone x4  
  39  3:40  Drone x3  
  40  3:45  Queen  
  42  3:53  Drone x5  
  47  4:01  Spore Crawler  
  46  4:05  Drone x3  
  49  4:12  Queen  
  51  4:17  Drone  
  51  4:19  Spore Crawler  
  51  4:21  Spore Crawler  
  50  4:29  Drone x4  
  55  4:33  Drone x3, Overlord x2  
  58  4:43  Spore Crawler  
  58  4:45  Drone  
  58  4:53  Drone x2  
  58  4:54  Overlord  
  58  4:56  Drone  
  58  4:57  Drone  
  58  4:58  Drone x3, Extractor  
  58  4:59  Roach Warren  
  63  5:08  Zergling x8  
  66  5:14  Spore Crawler x2  
  65  5:24  Drone x4  
  65  5:25  Drone  
  65  5:27  Drone x2  
  65  5:28  Drone x3  
  69  5:39  Drone x6  
  69  5:42  Lair  
  74  5:47  Overlord x3  
  74  5:54  Extractor x2  
  74  5:55  Evolution Chamber  
  71  6:00  Drone x3  
  71  6:01  Overlord x2  
  72  6:17  Queen x2  
  74  6:19  Drone x7  
  74  6:22  Extractor  
  74  6:23  Extractor  
  79  6:32  Overlord  
  79  6:35  Hatchery  
  79  6:38  Roach x7  
  91  6:43  Queen  
  91  6:45  Glial Reconstitution  
  93  6:52  Queen  
  95  6:56  Overseer  
  95  7:01  Drone x3  
  95  7:02  Drone  
  95  7:05  Roach  
  95  7:06  Roach x6  
  113  7:12  Zergling x4  
  113  7:13  Ravager x3  
  118  7:21  Roach, Zergling x4  
  118  7:22  Zergling x4  
  120  7:35  Ravager  
  120  7:36  Ravager  
  122  7:37  Overlord x2  
  122  7:40  Overlord x4  
  115  7:49  Ravager x2  
  115  7:50  Ravager, Zergling x2  
  115  7:51  Zergling x12  
Show
View Real Time Build Order
Export as new Build Order

JEROS Protoss - Winner!

Build Orders: 1 Gate Expand, Oracle Opening 

Get SALT Encoding   

  12  0:00  Probe  
  13  0:12  Probe  
  14  0:19  Pylon  
  14  0:24  Probe  
  15  0:37  Probe (Chrono Boost)  
  15  0:38  Gateway  
  16  0:47  Assimilator  
  16  0:48  Probe (Chrono Boost)  
  17  0:53  Probe (Chrono Boost)  
  18  1:03  Probe  
  19  1:22  Nexus  
  19  1:33  Cybernetics Core  
  19  1:35  Probe  
  20  1:40  Assimilator  
  20  1:47  Pylon  
  20  1:48  Probe  
  21  2:00  Probe  
  22  2:08  Adept (Chrono Boost)  
  22  2:12  Probe  
  25  2:24  Probe  
  25  2:27  Stargate  
  26  2:31  Adept (Chrono Boost)  
  26  2:36  Probe (Chrono Boost)  
  29  2:43  Probe (Chrono Boost)  
  30  2:45  Warp Gate  
  30  2:46  Probe (Chrono Boost)  
  30  2:50  Probe (Chrono Boost)  
  30  2:51  Probe (Chrono Boost)  
  32  2:57  Adept  
  35  3:02  Probe  
  35  3:03  Probe  
  37  3:07  Gateway  
  37  3:14  Probe  
  37  3:18  Probe  
  39  3:31  Oracle (Chrono Boost)  
  39  3:32  Probe x2  
  40  3:44  Probe  
  40  3:45  Probe  
  42  3:50  Pylon  
  42  3:52  Nexus  
  42  3:56  Probe  
  42  3:57  Probe  
  44  4:06  Pylon  
  44  4:07  Oracle (Chrono Boost)  
  44  4:09  Probe x2  
  49  4:10  Assimilator  
  49  4:13  Assimilator  
  49  4:21  Probe x2  
  51  4:30  Twilight Council  
  51  4:31  Forge  
  51  4:34  Pylon  
  51  4:35  Probe x2  
  51  4:37  Adept x2  
  57  4:45  Oracle  
  57  4:47  Probe x2  
  62  4:54  Gateway  
  62  4:56  Gateway  
  62  4:59  Stalker  
  64  5:01  Adept  
  64  5:02  Probe  
  64  5:04  Probe  
  64  5:05  Probe  
  69  5:14  Probe  
  69  5:16  Probe  
  69  5:20  Probe, Blink (Chrono Boost)  
  72  5:26  Probe  
  72  5:28  Probe  
  72  5:31  Probe  
  72  5:32  Protoss Ground Weapons Level 1 (Chrono Boost)  
  73  5:37  Stalker x2, Shield Battery  
  73  5:38  Probe  
  73  5:39  Probe  
  73  5:40  Probe  
  77  5:46  Gateway x2  
  77  5:48  Gateway  
  78  5:53  Gateway  
  78  5:58  Gateway  
  78  6:00  Gateway  
  78  6:02  Pylon  
  78  6:03  Sentry  
  80  6:19  Pylon  
  80  6:20  Pylon  
  80  6:21  Pylon  
  80  6:22  Stalker x3  
  86  6:27  Pylon  
  86  6:31  Pylon  
  86  6:36  Stalker  
  88  6:45  Stalker x6  
  100  6:56  Stalker x3  
  106  7:02  Probe x3  
  109  7:09  Pylon  
  109  7:12  Stalker x5  
  119  7:25  Stalker x5  
  126  7:44  Nexus  
  126  7:50  Stalker x6  
  127  8:17  Zealot x5  
  135  8:18  Zealot  
Tags
 
Add a new tag
Caveats
  • Supply blocks, unpowered buildings, or Contaminate may cause inaccurate times.
  • Supply counts are checked every 10 seconds.